 Dungeon Crawl Stone Soup version 0.32-a0-975-g85d4e5bfdb (webtiles) character file.

Game seed: 14920532635040126228

18001 Cancer the Grappler (level 12, 0/80 (88) HPs)
             Began as an Octopode Shapeshifter on Apr 18, 2024.
             Was a Priest of Wu Jian.
             Slain by a soul eater (2 damage)
             ... on level 1 of the Abyss.
             The game lasted 00:54:36 (14704 turns).

Cancer the Grappler (Octopode Shapeshifter)        Turns: 14704, Time: 00:54:37

HP:   0/80 (88)     AC: 10    Str: 22    XL:     12   Next: 53%
MP:   18/18         EV: 15    Int: 13    God:    Wu Jian [***...]
Gold: 682           SH:  0    Dex: 18    Spells: 15/19 levels left

rFire   . .          .
                       - Unarmed
rCold   + + .        (shield currently unavailable)
rNeg    . . .        F - melded +2 hat {Will+}
rPois   +            (no amulet)
rElec   .            l - ring of poison resistance
rCorr   +            t - ring of protection from cold
SInv    .            x - +5 ring of evasion
Will    .....        C - +6 ring of dexterity
Stlth   +++++        Q - ring of resist corrosion
HPRegen 0.33/turn    S - ring of protection from cold
MPRegen 0.16/turn    (no ring)
                     (no ring)

%: no passive effects
@: about to teleport, snake-form, drained
A: constrict, boosted hp, almost no armour, amphibious, 8 rings, large,
(camouflage 1), (gelatinous body 1), (nimble swimmer 1), (tentacles)
a: Begin Untransformation, Renounce Religion, Wall Jump, Serpent's Lash


You were on level 1 of the Abyss.
You worshipped Wu Jian.
Wu Jian was most pleased with you.
You were an enormous serpent.
You visited 3 branches of the dungeon, and saw 13 of its levels.
You visited the Abyss 1 time.

You collected 682 gold pieces.

Inventory:

Missiles
 p - 5 throwing nets (quivered)
Armour
 F - a +2 hat of willpower (melded)
Jewellery
 l - a ring of poison resistance (left tentacle)
 t - a ring of protection from cold (right tentacle)
 x - a +5 ring of evasion (on tentacle)
 C - a +6 ring of dexterity (on tentacle)
 Q - a ring of resist corrosion (on tentacle)
 S - a ring of protection from cold (on tentacle)
Talismans
 b - a beast talisman
 c - a flux talisman
 I - a serpent talisman (active)
 L - a blade talisman
Wands
 v - a wand of mindburst (14)
 B - a wand of flame (15)
 E - a wand of digging (6)
 M - a wand of roots (4)
 O - a wand of acid (5)
Scrolls
 f - a scroll of amnesia {unknown}
 g - a scroll of fog {unknown}
 i - 3 scrolls of blinking
 k - a scroll of silence {unknown}
 n - 4 scrolls of teleportation
 o - 3 scrolls of brand weapon {unknown}
 s - 3 scrolls of immolation {unknown}
 y - 5 scrolls of noise
 z - a scroll of identify
 A - a scroll of acquirement {unknown}
 D - a scroll of enchant weapon {unknown}
 H - 2 scrolls of fear {unknown}
 K - 2 scrolls of poison {unknown}
 N - a scroll of vulnerability {unknown}
Potions
 a - 5 potions of lignification
 d - 4 potions of heal wounds
 e - 4 potions of curing
 h - 3 potions of brilliance
 j - a potion of invisibility {unknown}
 m - 3 potions of berserk rage
 q - a potion of enlightenment {unknown}
 r - 2 potions of might {unknown}
 u - a potion of ambrosia {unknown}
 w - 2 potions of resistance {unknown}
 G - a potion of mutation {unknown}
 R - a potion of haste {unknown}


   Skills:
 - Level 4.0 Fighting
 - Level 4.0 Dodging
 + Level 11.6 Stealth
 - Level 11.8 Unarmed Combat
 - Level 4.0 Spellcasting
 - Level 4.0 Translocations
 - Level 1.0 Evocations
 - Level 11.6 Shapeshifting


You had 15 spell levels left.
You knew the following spells:

 Your Spells              Type           Power      Damage    Failure   Level
a - Blink                 Tloc           26%        N/A       6%          2
b - Lesser Beckoning      Tloc           26%        N/A       6%          2

Your spell library contained the following spells:

 Spells                   Type           Power      Damage    Failure   Level
 Momentum Strike          Conj/Tloc      14%        3d8       14%         2
 Foxfire                  Conj/Fire      8%         2x1d4     21%         1
 Freeze                   Ice            8%         1d3       21%         1
 Frozen Ramparts          Ice            4%         1d1       52%         3
 Hailstorm                Conj/Ice       2%         3d5       52%         3
 Sigil of Binding         Hex            2%         N/A       52%         3
 Vhi's Electric Charge    Tloc/Air       14%        N/A       65%         4
 Anguish                  Hex/Necr       1%         N/A       90%         4
 Cause Fear               Hex            1%         N/A       90%         4
 Arcjolt                  Conj/Air       1%         1d11      99%         5
 Plasma Beam              Fire/Air       1%         2x1d11    100%        6
 Starburst                Conj/Fire      1%         6d3       100%        6
 Enfeeble                 Hex            1%         N/A       100%        7


Dungeon Overview and Level Annotations

Branches:
Dungeon (11/15)            Temple (1/1) D:6            Lair (1/5) D:8
    Orc (0/2) D:10

Altars:
Ashenzari
Cheibriados
Dithmenos
Elyvilon
Fedhas
Gozag
Hepliaklqana
Kikubaaqudgha
Makhleb
Nemelex Xobeh
Okawaru
Qazlal
Ru
Sif Muna
Trog
Uskayaw
Vehumet
Wu Jian
Xom
Yredelemnul
Zin
The Shining One

Annotations:
D:1 3tele
D:7 2 transporters, grrhawk's ghost, novice CoGl
D:8 stash
D:11 skelwar,boulder, Harold
Lair:1 3 runed translucent doors, Acoak's ghost, journeyman DgEE; Esmeeq's ghost, journeyman GnSu; Otedoll's ghost, journeyman DECj; Ruheem's ghost, journeyman TrFi; Sonja; jasper's ghost, journeyman DsFi


Innate Abilities, Weirdness & Mutations

You are an enormous serpent.
You have a powerful constriction melee attack.
Your maximum health is increased.
Your armour is entirely melded.
You are incapable of wielding weapons or throwing items.
You cannot wear most types of armour.
You are amphibious.
You can wear up to eight rings at the same time.
((Your skin changes colour to match your surroundings (Stealth+).))
((Your rubbery body absorbs attacks. (AC +1, EV +1)))
((You are camouflaged when in or above water. (Stealth+)))
((You have tentacles for arms and can constrict up to eight enemies at once.))


Message History

The laughing skull gibbers with scorn.
The bolt of negative energy hits you!
You feel drained.
You release your grip on the laughing skull.
The laughing skull cackles spitefully.
The bolt of negative energy misses you.
The laughing skull attacks as it pursues you!
The laughing skull completely misses you.
The laughing skull attacks as it pursues you!
The laughing skull misses you. The laughing skull headbutts you.
You spin and attack the laughing skull.
You body-slam the laughing skull!!
You destroy the laughing skull!
The Council accepts your kill.
The laughing skull gibbers with scorn.
The bolt of negative energy misses you.
A soul eater comes into view.
Unknown command.
As you read the scroll of teleportation, it crumbles to dust.
You feel strangely unstable.
You feel the power of the Abyss delaying your translocation!
The laughing skull misses you. The laughing skull headbutts you!
The laughing skull headbutts you but does no damage.
Annotate which branch? (. - Abyss:1, ? - help, ! - show branch list)
What level of the Dungeon? 1 Current level annotation: 2tele New annotation for D:1 (include '!' for warning): 3tele You spin and attack the laughing skull.
You closely miss the laughing skull. Your grab misses the laughing skull.
The laughing skull completely misses you.
The laughing skull attacks as it pursues you!
The laughing skull headbutts you!
The laughing skull headbutts you but does no damage.
The soul eater misses you.
The soul eater attacks as it pursues you!
The soul eater hits you.
You feel drained.
The laughing skull lets out a vicious peal of laugher.
The bolt of negative energy hits you!!
You feel drained.
* * * LOW HITPOINT WARNING * * *
The soul eater attacks as it pursues you!
The soul eater hits you.
You die...

### ##.# .. ._##..###..
######.....#.. # ## #.#
##....##.# .#.
.####..##.....#.# .#.#
##.#.#..#)..#*z#.##.....
#. ... ##..*..##z.....#
#.. .##...#.#..#3.....#
. #.*..#.....#S..#.##
..##..#...#####..## # #
# ..###### # ##... ##.
#.. .. .#.#.. . .#. #. .
.# .# # # . . ## .. . ..
. .


You could see a soul eater and 2 laughing skulls.

Vanquished Creatures
  Gastronok (Lair:1)
  A very ugly thing (Abyss:1)
  3 two-headed ogres
  A death drake (Abyss:1)
  2 ugly things
  An apocalypse crab (Abyss:1)
  A black mamba (Lair:1)
  Joseph (D:8)
  A cane toad (Lair:1)
  2 large abominations (Abyss:1)
  3 komodo dragons (Lair:1)
  An ancient zyme (Abyss:1)
  4 trolls
  A shadow (D:9)
  Sigmund (D:5)
  2 wyverns
  26 yaks
  A steam dragon (D:9)
  2 small abominations (Abyss:1)
  Edmund (D:5)
  A water moccasin (Lair:1)
  2 ice beasts
  An orc warrior (D:8)
  2 sky beasts
  A laughing skull (Abyss:1)
  6 wolves
  2 ogres
  7 centaurs
  A kobold brigand (D:10)
  Blork the orc (D:5)
  7 bullfrogs
  2 scorpions (D:6)
  8 wights
  4 killer bees (D:8)
  An electric eel (D:8)
  8 howler monkeys
  2 bombardier beetles
  4 orc priests
  6 hounds
  A jelly (D:6)
  3 gnoll boudas
  An iron imp (Abyss:1)
  3 iguanas
  2 sleepcaps (D:6)
  7 orc wizards
  Terence (D:3)
  17 gnolls
  2 adders
  3 white imps
  A dart slug (D:1)
  2 ribbon worms
  30 orcs
  A ball python (D:3)
  7 bats
  4 endoplasms
  A giant cockroach (D:3)
  5 goblins
  6 hobgoblins
  7 jackals
  3 quokkas
  10 kobolds
  3 rats
242 creatures vanquished.

Vanquished Creatures (others)
  8 starspawn tentacles (Abyss:1)
8 creatures vanquished.

Grand Total: 250 creatures vanquished

Notes
Turn   | Place    | Note
-------+----------+-------------------------------------------
     0 | D:1      | Cancer the Octopode Shapeshifter began the quest for the
                  | Orb.
     0 | D:1      | Reached XP level 1. HP: 13/13 MP: 1/1
   182 | D:1      | Reached skill level 1 in Stealth
   249 | D:1      | Found a faded altar of an unknown god.
   258 | D:1      | Reached XP level 2. HP: 11/18 MP: 2/2
   789 | D:2      | Reached XP level 3. HP: 23/23 MP: 3/3
  1245 | D:2      | Reached XP level 4. HP: 21/28 MP: 4/4
  1731 | D:3      | Noticed Terence
  2044 | D:3      | Found a faded altar of an unknown god.
  2047 | D:3      | Found a shimmering altar of Xom.
  2316 | D:4      | Reached skill level 5 in Shapeshifting
  2316 | D:4      | Reached XP level 5. HP: 28/33 MP: 5/5
  2757 | D:4      | Reached XP level 6. HP: 38/38 MP: 6/6
  2938 | D:5      | Entered Level 5 of the Dungeon
  3124 | D:5      | HP: 1/38 [ogre/+0 giant club (13)]
  3328 | D:5      | Noticed Blork the orc
  3339 | D:5      | Killed Blork the orc
  3429 | D:5      | Reached XP level 7. HP: 42/43 MP: 7/7
  3490 | D:5      | Noticed Edmund
  3760 | D:5      | Noticed a two-headed ogre
  3800 | D:5      | Noticed Sigmund
  3812 | D:5      | Killed Sigmund
  4475 | D:3      | Killed Terence
  4769 | D:6      | Learned a level 2 spell: Blink
  4976 | D:6      | Reached XP level 8. HP: 50/50 MP: 8/8
  5156 | D:6      | Reached skill level 1 in Translocations
  5525 | D:6      | Found a glowing silver altar of Zin.
  5530 | D:6      | Found a hazy altar of Hepliaklqana.
  5655 | D:6      | Found a staircase to the Ecumenical Temple.
  5663 | Temple   | Entered the Ecumenical Temple
  5671 | Temple   | Became a worshipper of the Wu Jian Council
  6048 | D:6      | Reached skill level 5 in Stealth
  6110 | D:6      | Identified the +6 whip of Ucareiwn {freeze, rC- rN+ Dex+2}
  6168 | D:6      | Reached skill level 1 in Spellcasting
  6420 | D:7      | Reached XP level 9. HP: 51/57 MP: 10/10
  6840 | D:7      | Noticed a moth of wrath
  6843 | D:7      | Noticed grrhawk's ghost (novice CoGl)
  6846 | D:7      | Found a bloodstained altar of Trog.
  6856 | D:7      | Found a transporter.
  6864 | D:7      | Found a transporter.
  6985 | D:7      | Reached skill level 5 in Unarmed Combat
  7276 | D:8      | Noticed Joseph
  7326 | D:8      | Noticed a troll
  7681 | D:8      | Reached * piety under Wu Jian
  7767 | D:8      | Noticed a two-headed ogre
  7773 | D:8      | Killed a two-headed ogre
  7878 | D:8      | Reached XP level 10. HP: 38/63 MP: 13/13
  8752 | D:8      | Found a staircase to the Lair.
  9258 | D:5      | Killed a two-headed ogre
  9292 | D:5      | Killed Edmund
  9517 | D:8      | Killed Joseph
  9721 | D:9      | Reached skill level 10 in Shapeshifting
  9831 | D:9      | Reached ** piety under Wu Jian
 10072 | D:9      | Identified the +5 rapier "Eczousk" {venom, *Slow rPois rC++
                  | rN+}
 10078 | D:9      | Reached XP level 11. HP: 61/69 MP: 15/15
 10714 | D:10     | Entered Level 10 of the Dungeon
 11073 | D:10     | Identified the +5 trident "Xayqits" {flame, rN+}
 11184 | D:10     | Noticed a two-headed ogre
 11193 | D:10     | Killed a two-headed ogre
 11194 | D:10     | Reached skill level 10 in Unarmed Combat
 11858 | D:10     | Found a staircase to the Orcish Mines.
 11891 | D:10     | Noticed a green ugly thing
 12038 | D:10     | Killed a green ugly thing
 12331 | D:11     | Noticed Harold
 12567 | D:11     | Noticed a skeletal warrior
 12901 | D:11     | Noticed a boulder beetle
 12914 | D:11     | Learned a level 2 spell: Lesser Beckoning
 13085 | Lair:1   | Entered Level 1 of the Lair of Beasts
 13111 | Lair:1   | Noticed Sonja
 13213 | Lair:1   | Reached skill level 1 in Evocations
 13538 | Lair:1   | Reached XP level 12. HP: 74/74 MP: 17/17
 13715 | Lair:1   | Noticed Gastronok
 13731 | Lair:1   | Found a runed translucent gate.
 13732 | Lair:1   | Found a runed translucent gate.
 13732 | Lair:1   | Noticed jasper's ghost (journeyman DsFi)
 13733 | Lair:1   | Found a runed translucent gate.
 13733 | Lair:1   | Noticed Ruheem's ghost (journeyman TrFi)
 13734 | Lair:1   | Noticed Esmeeq's ghost (journeyman GnSu)
 13734 | Lair:1   | Noticed Acoak's ghost (journeyman DgEE)
 13734 | Lair:1   | Noticed Otedoll's ghost (journeyman DECj)
 13944 | Lair:1   | Killed Gastronok
 14312 | Abyss:1  | Cast into level 1 of the Abyss (Sonja)
 14373 | Abyss:1  | Noticed a wretched star
 14406 | Abyss:1  | Found a corrupted altar of Lugonu.
 14411 | Abyss:1  | Found a corrupted altar of Lugonu.
 14430 | Abyss:1  | Noticed a tentacled starspawn
 14444 | Abyss:1  | Found a corrupted altar of Lugonu.
 14449 | Abyss:1  | Noticed a green very ugly thing
 14449 | Abyss:1  | Noticed a green very ugly thing
 14450 | Abyss:1  | Noticed a green very ugly thing
 14451 | Abyss:1  | Noticed a green very ugly thing
 14458 | Abyss:1  | Found a corrupted altar of Lugonu.
 14476 | Abyss:1  | Noticed a tentacled starspawn
 14494 | Abyss:1  | Killed a green very ugly thing
 14495 | Abyss:1  | Reached skill level 10 in Stealth
 14627 | Abyss:1  | Noticed a starcursed mass
 14657 | Abyss:1  | Reached *** piety under Wu Jian
 14678 | Abyss:1  | Noticed a wretched star
 14688 | Abyss:1  | Found a corrupted altar of Lugonu.
 14699 | Abyss:1  | Noticed a soul eater
 14704 | Abyss:1  | HP: 2/80 [laughing skull/bolt of negative energy (28)]
 14704 | Abyss:1  | Slain by a soul eater

Illustrated notes

Levels and vault maps discovered:
D:1:      noname_arrival_rooms_in_the_neighbourhood, layout_loops_ring,
          ebering_ecumenical_altar_rust
D:2:      layout_rooms
D:3:      layout_loops_ring, nicolae_overflow_ecumenical_swirl,
          minmay_mini_jars, uniq_terence
D:4:      layout_rooms, hangedman_decor_growths
D:5:      layout_loops_corners, uniq_edmund, uniq_blork_the_orc, uniq_sigmund
D:6:      layout_basic, mainiacjoe_overflow_big_doors,
          minmay_temple_entry_gardened_gates,
          minmay_a_box_with_orc_wizards_in_it
D:7:      layout_loops_ring, gammafunk_ghost_wrathful_warriors
D:8:      layout_basic, erik_lair_island, uniq_joseph
D:9:      layout_basic
D:10:     layout_loops_corners, orc_0_dummy
D:11:     layout_irregular_city, serial_shops, kennysheep_little_box,
          uniq_harold
Temple:   nicolae_temple_bog_church
Lair:1:   layout_cave_pods, gammafunk_ghost_cemetery, grunt_megastairs_3,
          infiniplex_staircase_pool_2, uniq_sonja, uniq_gastronok
Abyss:1:  base:
D:11

Skill      XL: |  1  2  3  4  5  6  7  8  9 10 11 12 |
---------------+-------------------------------------+-----
Stealth        | 1 2 3 5 8 11 | 11.6
Shapeshifting  | 4 5 6 7 8 10 11 | 11.6
Fighting       | 2 3 4 |  4.0
Dodging        | 3 4 |  4.0
Translocations | 2 3 4 |  4.0
Unarmed Combat | 4 6 8 11 | 11.8
Spellcasting   | 1 2 3 4 |  4.0
Evocations     | 1 |  1.0

Action                     |  1- 3 |  4- 6 |  7- 9 | 10-12 || total
---------------------------+-------+-------+-------+-------++-------
  Melee: Unarmed           |    60 |    80 |   195 |   350 ||   685
         Tentacles         |    17 |    26 |    62 |    19 ||   124
         Constrict         |    17 |    25 |    56 |    78 ||   176
         Punch             |       |     2 |     1 |       ||     3
   Cast: Blink             |       |       |     2 |     1 ||     3
         Lesser Beckoning  |       |       |       |     1 ||     1
Ability: Begin Untransform |       |     1 |       |     1 ||     2
         Lunge             |       |       |     8 |    29 ||    37
         Whirlwind         |       |       |       |    24 ||    24
    Use: Scroll            |       |       |       |     9 ||     9
   Stab: Sleeping          |     3 |     4 |     4 |    11 ||    22
         Distracted        |       |       |     2 |     2 ||     4
 Armour: Skin              |    19 |    29 |    68 |   149 ||   265
  Dodge: Dodged            |    44 |    44 |   136 |   171 ||   395
   Form: Beast             |       |     1 |       |       ||     1
         Flux              |       |       |     1 |       ||     1
         Serpent           |       |       |       |     2 ||     2

Table legend: (Time is in decaauts)
 A = Elapsed time spent in this place.
 B = Non-inter-level travel time spent in this place.
 C = Inter-level travel time spent in this place.
 D = Time resting spent in this place.
 E = Time spent auto-exploring this place.
 F = Levels seen in this place.
 G = Mean time per level.
                   A        B        C        D        E       F      G
               +--------+--------+--------+--------+--------+-----+--------+
         Total |  14710 |  12867 |   1843 |   1965 |   6781 |  14 | 1050.7 |
       Dungeon |  13026 |  11197 |   1829 |   1690 |   6125 |  11 | 1184.2 |
        Temple |     16 |      2 |     14 |      0 |      0 |   1 |   16.0 |
          Lair |   1284 |   1284 |      0 |    196 |    656 |   1 | 1284.0 |
         Abyss |    382 |    382 |      0 |     79 |      0 |   1 |  382.0 |
               +--------+--------+--------+--------+--------+-----+--------+

Top non-repeatable levels by time:
     D:8: 1966 daAuts
     D:5: 1831 daAuts
    D:10: 1733 daAuts
     D:6: 1466 daAuts
  Lair:1: 1284 daAuts
     D:7: 1227 daAuts
     D:9: 1204 daAuts
     D:3: 1130 daAuts
     D:1: 746 daAuts
     D:2: 669 daAuts
     D:4: 602 daAuts
    D:11: 447 daAuts
 Abyss:1: 382 daAuts
  Temple: 16 daAuts
